 Dungeon Crawl Stone Soup version 0.21.0 (webtiles) character file.

93878 theanonym the Devastator (level 15, 0/92 HPs)
             Began as a Deep Elf Fire Elementalist on Jan 6, 2018.
             Was a High Priest of Vehumet.
             Slain by an Ice Fiend (17 damage)
             ... in an ice cave.
             The game lasted 02:11:48 (33313 turns).

theanonym the Devastator (DEFE)                    Turns: 33313, Time: 02:11:49

Health: 0/92       AC: 14    Str:  5    XL:     15   Next: 61%
Magic:  7/43       EV: 22    Int: 37    God:    Vehumet [*****.]
Gold:   917        SH:  5    Dex: 15    Spells: 0/39 levels left

rFire    . . .     SeeInvis .   W - staff of energy {+Channel Hungerless}
rCold    + + .     Gourm    .   J - +0 buckler {rC+} {rC+}
rNeg     . . .     Faith    +   X - +2 robe {rF+} {0}
rPois    +         Spirit   .   V - +3 hat of Pondering {ponderous, MR+ MP+10 Int+5}
rElec    .         Reflect  .   H - +1 cloak {rPois} {rPois}
rCorr    .         Harm     .   s - +1 pair of gloves
MR       +++..                  y - +2 pair of boots {run}
Stlth    ++........             S - amulet of faith {Faith}
HPRegen  0.25/turn              u - ring of ice {rC+ rF-}
MPRegen  0.28/turn              R - ring of protection from magic {MR+}

@: brilliant
A: no striking features
a: Renounce Religion


   Skills:
 - Level 10.0 Fighting
 - Level 1.0 Armour
 - Level 13.9 Dodging
 - Level 2.4 Stealth
 + Level 3.0 Shields
 - Level 12.6 Spellcasting
 - Level 15.1 Conjurations
 - Level 9.0 Charms
 - Level 3.0 Translocations
 - Level 11.9 Fire Magic
 - Level 6.0 Air Magic
 - Level 6.0 Earth Magic


You couldn't memorise any spells.
You knew the following spells:

 Your Spells              Type           Power        Failure   Level  Hunger
a - Iron Shot             Conj/Erth      #######...   1%          6    None
c - Sticky Flame          Conj/Fire      #######.     1%          4    None
d - Mephitic Cloud        Conj/Pois/Air  #######.     1%          3    None
e - Orb of Destruction    Conj           ########..   1%          7    None
f - Fireball              Conj/Fire      #######...   1%          5    None
g - Blink                 Tloc           N/A          1%          2    None
i - Flame Tongue          Conj/Fire      #####        0%          1    None
p - Deflect Missiles      Chrm/Air       #######...   1%          6    None
t - Iskenderun's Battles  Conj/Chrm      #######.     1%          5    None

Skill      XL: |  1  2  3  4  5  6  7  8  9 10 11 12 13 14 15 |
---------------+----------------------------------------------+-----
Conjurations   | 2 3 5 6 8 10 12 15 | 15.1
Spellcasting   | 4 5 9 10 12 | 12.6
Fire Magic     | 4 5 6 8 10 11 | 11.9
Translocations | 2 3 |  3.0
Dodging        | 5 9 10 11 12 13 | 13.9
Fighting       | 3 6 7 8 10 | 10.0
Armour         | 1 |  1.0
Charms         | 5 7 9 |  9.0
Earth Magic    | 6 |  6.0
Air Magic      | 2 6 |  6.0
Shields        | 3 |  3.0
Stealth        | |  2.4

Action                   |  1- 3 |  4- 6 |  7- 9 | 10-12 | 13-15 || total
-------------------------+-------+-------+-------+-------+-------++-------
Melee: Dagger            |    20 |    10 |    66 |       |       ||    96
       Falchion          |       |       |    64 |   108 |       ||   172
       Trident           |       |       |       |    26 |     3 ||    29
       Staff             |       |       |       |       |     7 ||     7
Throw: Throwing net      |       |       |     1 |       |       ||     1
 Cast: Flame Tongue      |    52 |    75 |   182 |   259 |   145 ||   713
       Conjure Flame     |     2 |     5 |    13 |    15 |       ||    35
       Sticky Flame      |       |     5 |    25 |    62 |    18 ||   110
       Fireball          |       |       |    32 |   100 |   195 ||   327
       Blink             |       |       |     2 |     3 |    12 ||    17
       Mephitic Cloud    |       |       |       |     2 |     5 ||     7
       Iskenderun's Batt |       |       |       |    15 |    49 ||    64
       Orb of Destructio |       |       |       |     2 |    37 ||    39
       Iron Shot         |       |       |       |       |    42 ||    42
       Deflect Missiles  |       |       |       |       |     1 ||     1
Evoke: Wand              |       |       |     8 |    33 |     9 ||    50
       Staff of energy   |       |       |       |       |     5 ||     5
  Use: Scroll            |       |     9 |     9 |    18 |    11 ||    47
       Potion            |       |     2 |       |     3 |     3 ||     8
 Stab: Sleeping          |       |     4 |       |     1 |       ||     5
       Held in net/web   |       |       |     1 |       |       ||     1
       Paralysed         |       |       |       |       |     2 ||     2
  Eat: Chunk             |     1 |     7 |    19 |    24 |    16 ||    67
       Ration            |       |     2 |     3 |    12 |     9 ||    26
Armor: Robe              |     7 |     4 |    35 |    49 |    31 ||   126
Dodge: Dodged            |    22 |    17 |   127 |   206 |   111 ||   483
       Deflected         |       |       |       |       |     5 ||     5
Block: Other             |       |       |    31 |    18 |       ||    49
       Reflection        |       |       |     3 |     1 |       ||     4
       Buckler           |       |       |       |       |     2 ||     2
       Rpst.: Falchion   |       |       |    20 |    46 |       ||    66

Inventory:

Missiles
 O - 2 throwing nets (quivered)
Armour
 o - the +5 shield of the Chupacabra {rN+ Str+4}
   (You found it on level 6 of the Lair of Beasts)

   It affects your strength (+4).
   It protects you from negative energy.
 s - a +1 pair of gloves (worn)
   (You found it on level 4 of the Dungeon)
 y - a +2 pair of boots of running (worn)
   (You found it in an ice cave)
 G - the cursed +0 leather armour "Irusky" {Int+9, 4, unknown}
   (You found it on level 3 of the Lair of Beasts)

   It affects your intelligence (+9).
   It has a curse placed upon it.
 H - a +1 cloak of poison resistance (worn) {rPois}
   (You took it off Maurice on level 8 of the Dungeon)
 J - a +0 buckler of cold resistance (worn) {rC+}
   (You found it in an ice cave)
 V - the +3 hat of Pondering (worn) {ponderous, MR+ MP+10 Int+5}
   (You took it off Gastronok on level 3 of the Lair of Beasts)

   It affects your intelligence (+5).
   It affects your resistance to hostile enchantments.
   It affects your magic capacity (+10).
 X - a +2 robe of fire resistance (worn) {0}
   (You bought it in a shop on level 2 of the Orcish Mines)
Magical Staves
 W - an uncursed staff of energy (weapon) {+Channel Hungerless}
   (You found it on level 6 of the Lair of Beasts)
Jewellery
 c - a cursed amulet of inaccuracy {unknown}
   (You found it on level 1 of the Swamp)
 k - an uncursed amulet of magic regeneration
   (You found it on level 6 of the Lair of Beasts)
 l - an uncursed ring of protection from fire {rF+}
   (You found it on level 5 of the Dungeon)
 m - a +2 ring of protection
   (You found it on level 1 of the Lair of Beasts)
 u - a ring of ice (left hand) {rC+ rF-}
   (You took it off an orc on level 4 of the Dungeon)
 N - an uncursed ring of see invisible {SInv}
   (You found it in a labyrinth)
 R - a ring of protection from magic (right hand) {MR+}
   (You found it in a labyrinth)
 S - an amulet of faith (around neck) {Faith}
   (You found it in a labyrinth)
 U - an uncursed ring of positive energy {rN+rN+}
   (You found it on level 5 of the Lair of Beasts)
Wands
 F - a wand of paralysis (13)
   (You found it on level 9 of the Dungeon)
 I - a wand of random effects (20)
   (You found it on level 9 of the Dungeon)
 M - a wand of enslavement (14)
   (You found it on level 4 of the Lair of Beasts)
 P - a wand of flame (61)
   (You found it in a labyrinth)
Scrolls
 a - a scroll of brand weapon
 b - 2 scrolls of blinking
 f - 4 scrolls of fog
 r - a scroll of identify
 t - 7 scrolls of teleportation {!r}
 B - 5 scrolls of remove curse
 E - 4 scrolls of enchant armour
 L - 2 scrolls of amnesia
Potions
 d - 2 potions of flight
 g - a potion of agility
 h - 4 potions of degeneration
 j - 4 potions of mutation
 n - a potion of magic
 q - 8 potions of heal wounds
 v - 2 potions of lignification
 w - 13 potions of curing
 x - a potion of cancellation {unknown}
 A - 3 potions of haste
 C - 4 potions of invisibility
 D - a potion of berserk rage
 K - 2 potions of ambrosia {unknown}
Books
 p - a book of Maledictions
   (You found it on level 5 of the Dungeon)
 z - a book of Power
   (You bought it in a shop on level 6 of the Dungeon)
 T - a book of Enchantments
   (You found it on level 5 of the Lair of Beasts)
Comestibles
 e - a ration You were in an ice cave. You worshipped Vehumet. Vehumet was extremely pleased with you. You were not hungry. You visited 6 branches of the dungeon, and saw 24 of its levels. You also visited: Labyrinth, Sewer and Ice Cave. You collected 1708 gold pieces. You spent 791 gold pieces at shops.

Dungeon Overview and Level Annotations

Branches:
Dungeon (11/15)            Temple (1/1) D:4            Lair (6/6) D:9
  Swamp (3/4) Lair:2        Snake (1/4) Lair:4        Slime (0/5) Lair:5
    Orc (2/2) D:10            Elf (0/3) Orc:2

Altars:
Ashenzari
Cheibriados
Dithmenos
Elyvilon
Fedhas
Gozag
Hepliaklqana
Kikubaaqudgha
Makhleb
Nemelex Xobeh
Okawaru
Qazlal
Ru
Sif Muna
Trog
Uskayaw
Vehumet
Wu Jian
Xom
Yredelemnul
Zin
The Shining One
Beogh
Jiyva

Shops:
D:6 :   Orc:2 [%*[

Annotations:
D:6 6 exclusions

.........##
#.........
##.......#
###...###### #
##.1.### ####
##...###########...
##...##.§§##........
#.1###.≈...§......#.
#..@##....§##..#####
##§§####....##...#
###§§§###.###...#
##§§§§###§§..##
###§§§§....##
###§§§§### ######


You could see an Ice Fiend.

Notes
Turn   | Place    | Note
-------+----------+-------------------------------------------
     0 | D:1      | theanonym the Deep Elf Fire Elementalist began the quest for the Orb.
     0 | D:1      | Reached XP level 1. HP: 10/10 MP: 6/6
   165 | D:1      | Reached XP level 2. HP: 15/15 MP: 5/8
   303 | D:1      | Reached skill level 2 in Conjurations
   793 | D:2      | Reached XP level 3. HP: 19/19 MP: 3/10
   964 | D:2      | Learned a level 3 spell: Conjure Flame
   988 | D:2      | Reached skill level 3 in Conjurations
  1179 | D:2      | Reached skill level 4 in Spellcasting
  1179 | D:2      | Reached skill level 4 in Fire Magic
  1179 | D:2      | Reached XP level 4. HP: 24/24 MP: 2/12
  1267 | D:2      | Learned a level 4 spell: Sticky Flame
  1326 | D:2      | Found a sacrificial altar of Ru.
  1376 | D:2      | Found a shadowy altar of Dithmenos.
  2157 | D:3      | Reached XP level 5. HP: 28/28 MP: 8/13
  2238 | D:3      | Found a glowing drain.
  2240 | D:3      | Reached skill level 4 in Conjurations
  2252 | Sewer    | Entered a sewer
  2386 | Sewer    | HP: 10/28 [cloud of steam (17)]
  2670 | Sewer    | Found a white marble altar of Elyvilon.
  3027 | D:3      | Noticed Grinder
  3028 | D:3      | Learned a level 5 spell: Fireball
  3034 | D:3      | Paralysed by Grinder for 4 turns
  3042 | D:3      | HP: 3/28 [Grinder/nerve-wracking pain (14)]
  3043 | D:3      | Killed Grinder
  3043 | D:3      | Reached skill level 5 in Spellcasting
  3043 | D:3      | Reached skill level 5 in Conjurations
  3043 | D:3      | Reached skill level 5 in Fire Magic
  3043 | D:3      | Reached XP level 6. HP: 3/32 MP: 6/15
  3972 | D:4      | Noticed Ijyb
  3974 | D:4      | HP: 10/32 [something (22)]
  4275 | D:4      | Found a staircase to the Ecumenical Temple.
  4286 | Temple   | Entered the Ecumenical Temple
  4490 | D:4      | HP: 1/32 [something (31)]
  4739 | D:4      | Learned a level 2 spell: Blink
  4752 | D:4      | Goblin1989: аноним, дай ссылку на страницу турнира пожалуйста
  4755 | D:4      | Reached XP level 7. HP: 36/36 MP: 2/16
  4756 | D:4      | theanonym: http://dobrazupa.org/tournament/0.21/clans/theanonym.html
  4852 | D:4      | theanonym: Я хорошо начал но оказалось что стартовал раньше начала турнира
  4866 | D:4      | Reached skill level 6 in Fire Magic
  5017 | D:4      | Reached skill level 1 in Translocations
  5051 | D:4      | Goblin1989: 0:07:01 ago: Yermak the Fighter (L10 TeEn of Dithmenos) killed Grinder. (D:3, turn 10287, dur 0:34:07, cue) 4:16:11 ago: Yermak the Chopper (L1 HOBe of Trog) began the quest for the Orb. (D:1, turn 0, dur 0:00:00, cbro) 4:16:54 ago: Yermak the Chopper (L1 MiGl) began the quest for the Orb. (D:1, turn 0, dur 0:00:00, cao)
  5092 | D:4      | Killed Ijyb
  5093 | D:4      | Goblin1989: а ермак-то на трех серверах сразу играет! :D
  5261 | D:4      | Goblin1989: позови к себе в команду ЛДФа, он русский. должен в дваче быть по-моему
  5272 | D:4      | theanonym: Не видел такого
  5425 | D:4      | Found a deep blue altar of Sif Muna.
  5582 | D:4      | Reached skill level 6 in Conjurations
  5684 | D:4      | Goblin1989: сейчас на сервере играет, но через патти
  5725 | D:4      | theanonym: Ну я в треде написал
  5725 | D:4      | theanonym: Кто захочет присоединится
  5725 | D:4      | theanonym: Ты не будешь только потому что на 0.21 не играешь?
  5933 | D:5      | Entered Level 5 of the Dungeon
  6185 | D:5      | Noticed Deadscale's ghost (novice GrFi)
  6355 | D:5      | Reached skill level 2 in Translocations
  6399 | D:5      | Goblin1989: не буду, но потому что тупо времени скоро не будет свободного
  6425 | D:5      | Goblin1989: я скоро годовые отчеты сдавать начну
  6437 | D:5      | Goblin1989: чесый месяц лютого пиздеца
  6539 | D:4      | theanonym: Отпуск заканчивается что ли?
  6597 | D:4      | Goblin1989: от медиков не ждут чтобы они нормально людей лечили, от медиков ждут отчетов "достоверных"
  6644 | D:4      | Reached XP level 8. HP: 39/41 MP: 9/17
  6645 | D:4      | Goblin1989: нет, январь месяц просто
  6653 | D:4      | Goblin1989: у меня всегда так в нем
  6865 | D:5      | Reached skill level 7 in Fire Magic
  6980 | D:5      | Goblin1989: ладно, пора работать идти. удачи тут
  6999 | D:5      | Got a scorched graven amulet
  7000 | D:5      | Identified the amulet "Karusa" {Reflect rC- Int+4 Dex+7 SH+4} (You found it on level 5 of the Dungeon)
  7003 | D:5      | HP: 18/41 [centaur/arrow (10)]
  7004 | D:5      | Reached skill level 7 in Conjurations
  7631 | D:6      | Reached skill level 8 in Conjurations
  7631 | D:6      | Reached skill level 8 in Fire Magic
  8075 | D:6      | Found Wolam's Book Boutique.
  8135 | D:6      | Found a glowing golden altar of the Shining One.
  8138 | D:6      | Found a glowing silver altar of Zin.
  8351 | D:6      | Reached XP level 9. HP: 45/45 MP: 4/18
  8541 | D:6      | Found an ornate altar of the Wu Jian Council.
  8703 | D:7      | Reached skill level 9 in Fire Magic
  8911 | D:7      | Found a hide-covered altar of Uskayaw.
  9007 | D:7      | Reached skill level 9 in Conjurations
  9271 | D:7      | Reached skill level 10 in Fire Magic
  9498 | D:7      | Reached skill level 10 in Conjurations
  9524 | D:7      | Learned a level 3 spell: Mephitic Cloud
  9950 | D:8      | Reached skill level 3 in Dodging
 10011 | D:8      | Reached skill level 1 in Fighting
 10013 | D:8      | Reached skill level 4 in Dodging
 10033 | D:8      | Reached skill level 2 in Fighting
 10460 | D:8      | Reached skill level 5 in Dodging
 10727 | D:8      | Found a white marble altar of Elyvilon.
 10774 | D:8      | Noticed Maurice
 10782 | D:8      | Killed Maurice
 10782 | D:8      | Reached skill level 3 in Fighting
 10782 | D:8      | Reached XP level 10. HP: 56/56 MP: 1/19
 11115 | D:9      | Noticed a two-headed ogre
 11126 | D:9      | Killed a two-headed ogre
 11126 | D:9      | Reached skill level 4 in Fighting
 11126 | D:9      | Reached skill level 6 in Dodging
 11359 | D:9      | Noticed Zeloya's ghost (journeyman KoWn)
 11503 | D:9      | Reached skill level 7 in Dodging
 11786 | D:9      | Found a staircase to the Lair.
 12156 | D:9      | Found a radiant altar of Vehumet.
 12207 | D:9      | Became a worshipper of Vehumet
 12269 | D:9      | Found a basalt altar of Yredelemnul.
 12425 | D:9      | Killed Zeloya's ghost
 12425 | D:9      | Reached skill level 5 in Fighting
 12425 | D:9      | Reached skill level 8 in Dodging
 12817 | D:10     | Entered Level 10 of the Dungeon
 13278 | D:10     | Reached skill level 9 in Dodging
 13428 | D:10     | Reached skill level 6 in Fighting
 13671 | D:10     | Found a staircase to the Orcish Mines.
 13730 | D:10     | Reached XP level 11. HP: 64/64 MP: 1/20
 13730 | D:10     | Reached * piety under Vehumet
 13730 | D:10     | Offered knowledge of Sting by Vehumet.
 13789 | D:10     | Reached skill level 1 in Armour
 13948 | D:10     | Found a roughly hewn altar of Beogh.
 14016 | D:10     | Found a glowing silver altar of Zin.
 14460 | Orc:1    | Entered Level 1 of the Orcish Mines
 14757 | Lair:1   | Entered Level 1 of the Lair of Beasts
 14904 | Lair:1   | Reached skill level 6 in Spellcasting
 15032 | Lair:1   | Found a labyrinth entrance.
 15046 | Lab      | Entered a labyrinth
 15383 | Lab      | Noticed a minotaur
 15395 | Lab      | Killed a minotaur
 15610 | Lair:1   | Reached skill level 7 in Spellcasting
 15621 | Lair:1   | Reached skill level 10 in Dodging
 15855 | Lair:1   | Reached skill level 8 in Spellcasting
 16093 | Lair:1   | Noticed a six-headed hydra
 16098 | Lair:1   | Killed a six-headed hydra
 16098 | Lair:1   | Reached skill level 7 in Fighting
 16285 | Lair:1   | Noticed Nergalle
 16299 | Lair:1   | HP: 24/67 [crocodile (18)]
 16300 | Lair:1   | Killed Nergalle
 16300 | Lair:1   | HP: 10/67 [crocodile (14)]
 16938 | D:5      | Killed Deadscale's ghost
 17245 | D:4      | Identified Sif Muna's Handbook of Attacks
 17304 | D:6      | Bought a book of Power for 540 gold pieces
 17310 | D:6      | Learned a level 5 spell: Iskenderun's Battlesphere
 17496 | Lair:1   | Reached skill level 1 in Charms
 17629 | Lair:2   | Reached skill level 2 in Charms
 17686 | Lair:2   | Found a staircase to the Swamp.
 17717 | Lair:2   | Reached skill level 3 in Charms
 17885 | Lair:2   | Noticed an oklob plant
 17886 | Lair:2   | Reached skill level 4 in Charms
 17890 | Lair:2   | Reached ** piety under Vehumet
 17890 | Lair:2   | Offered knowledge of Freeze by Vehumet.
 18042 | Lair:2   | Killed an oklob plant
 18042 | Lair:2   | Reached skill level 5 in Charms
 18062 | Lair:2   | Identified the +1 trident of Offence {venom, rF++} (You found it on level 2 of the Lair of Beasts)
 18257 | Lair:2   | Reached skill level 9 in Spellcasting
 18274 | Lair:2   | HP: 25/67 [yak (11)]
 18278 | Lair:2   | Reached skill level 3 in Translocations
 18278 | Lair:2   | Reached XP level 12. HP: 21/72 MP: 4/27
 19295 | Lair:3   | Offered knowledge of Searing Ray by Vehumet.
 19454 | Lair:3   | Noticed an eight-headed hydra
 19458 | Lair:3   | Killed an eight-headed hydra
 19604 | Lair:3   | Reached skill level 11 in Conjurations
 19682 | Lair:3   | Reached *** piety under Vehumet
 19687 | Lair:3   | Reached skill level 10 in Spellcasting
 19692 | Lair:3   | HP: 36/73 [elephant (5)]
 19745 | Lair:3   | HP: 31/73 [elephant (16)]
 19752 | Lair:3   | Reached skill level 8 in Fighting
 20102 | Lair:3   | Noticed a four-headed hydra
 20107 | Lair:3   | Killed a four-headed hydra
 20453 | Lair:3   | Got a faintly humming leather armour {4}
 20522 | Lair:3   | Noticed Gastronok
 21185 | Lair:4   | Reached skill level 12 in Conjurations
 21297 | Lair:4   | Offered knowledge of Fulminant Prism by Vehumet.
 21340 | Lair:4   | Learned a level 7 spell: Orb of Destruction
 21638 | Lair:4   | Found a staircase to the Snake Pit.
 22550 | Lair:5   | Noticed adept's ghost (journeyman GnNe)
 22580 | Lair:5   | HP: 35/75 [adept's ghost (5)]
 22588 | Lair:5   | HP: 40/112 [adept's ghost/nerve-wracking pain (11)]
 22594 | Lair:5   | HP: 26/112 [adept's ghost (8)]
 22602 | Lair:5   | HP: 13/112 [adept's ghost (3)]
 22933 | Lair:5   | Found a staircase to the Slime Pits.
 22933 | Lair:5   | Found a viscous altar of Jiyva.
 23554 | Lair:5   | Noticed a death yak
 23555 | Lair:5   | Noticed a death yak
 23555 | Lair:5   | Noticed a death yak
 23558 | Lair:5   | Noticed a death yak
 23561 | Lair:5   | Killed a death yak
 23561 | Lair:5   | Reached **** piety under Vehumet
 23563 | Lair:5   | Killed a death yak
 23563 | Lair:5   | Reached skill level 11 in Dodging
 23567 | Lair:5   | Killed a death yak
 23567 | Lair:5   | Reached XP level 13. HP: 79/79 MP: 2/29
 23913 | Lair:5   | Killed adept's ghost
 23913 | Lair:5   | Offered knowledge of Ignite Poison by Vehumet.
 23938 | Lair:5   | Reached skill level 13 in Conjurations
 24128 | Lair:6   | Entered Level 6 of the Lair of Beasts
 24192 | Lair:3   | Killed Gastronok
 24582 | Orc:2    | Entered Level 2 of the Orcish Mines
 24583 | Orc:2    | Found a staircase to the Elven Halls.
 24814 | Orc:1    | Reached skill level 12 in Dodging
 25281 | Orc:2    | Reached ***** piety under Vehumet
 25289 | Orc:2    | Reached skill level 11 in Spellcasting
 25290 | Orc:2    | Offered knowledge of Bolt of Fire by Vehumet.
 25314 | Orc:2    | Reached skill level 14 in Conjurations
 25568 | Orc:2    | Reached skill level 12 in Spellcasting
 25738 | Orc:2    | Reached skill level 15 in Conjurations
 25890 | Orc:2    | Found Arown's Armour Shop.
 25890 | Orc:2    | Found Yplawk's Food Shoppe.
 25891 | Orc:2    | Found Caug's Assorted Antiques.
 25891 | Orc:2    | Found Murin's Antique Armour Boutique.
 25899 | Orc:2    | Bought a scroll labeled LOTO QIOFU for 18 gold pieces
 25899 | Orc:2    | Bought a glowing robe for 66 gold pieces
 25899 | Orc:2    | Bought a murky silvery potion for 16 gold pieces
 25899 | Orc:2    | Bought a grey potion for 16 gold pieces
 25899 | Orc:2    | Bought a pair of glowing boots for 135 gold pieces
 25928 | Orc:2    | Reached XP level 14. HP: 84/84 MP: 32/32
 26019 | Orc:2    | Reached skill level 9 in Fighting
 26226 | Orc:2    | Learned a level 6 spell: Iron Shot
 26531 | Lair:6   | Reached skill level 1 in Earth Magic
 26539 | Lair:6   | Reached skill level 2 in Earth Magic
 26667 | Lair:6   | Reached skill level 3 in Earth Magic
 26680 | Lair:6   | Reached skill level 4 in Earth Magic
 26846 | Lair:6   | Reached skill level 5 in Earth Magic
 27254 | Lair:6   | Offered knowledge of Bolt of Cold by Vehumet.
 27255 | Lair:6   | Reached skill level 6 in Earth Magic
 27920 | Lair:6   | Reached skill level 13 in Dodging
 28188 | Lair:6   | Reached skill level 11 in Fire Magic
 28256 | Lair:6   | Got a brightly glowing shield
 29049 | Swamp:1  | Entered Level 1 of the Swamp
 29059 | Swamp:1  | Reached skill level 1 in Air Magic
 29225 | Swamp:1  | Reached skill level 10 in Fighting
 29229 | Swamp:1  | Reached skill level 6 in Charms
 29644 | Swamp:1  | Reached skill level 2 in Air Magic
 30149 | Swamp:1  | Wingboner: Вперёд, к победе!
 30301 | Swamp:2  | Reached skill level 7 in Charms
 30301 | Swamp:2  | Reached XP level 15. HP: 92/92 MP: 33/33
 30313 | Swamp:2  | Reached skill level 3 in Air Magic
 30413 | Swamp:2  | theanonym: Я начал до начала турнира
 30413 | Swamp:2  | theanonym: !lg . ddfi -2
 30413 | Swamp:2  | beem: 3/4. theanonym the Slayer (L27 DDFi of Makhleb), escaped with the Orb and 3 runes on 2018-01-05 23:38:15, with 1950205 points after 56819 turns and 3:26:29.
 30413 | Swamp:2  | theanonym: Вроде всего 3.5 часа впустую но минус мораль
 30413 | Swamp:2  | Wingboner: Кек.
 30595 | Swamp:2  | Reached skill level 4 in Air Magic
 30616 | Swamp:2  | Noticed a thorn hunter
 30617 | Swamp:2  | Killed a thorn hunter
 30676 | Swamp:2  | Reached skill level 8 in Charms
 30678 | Swamp:2  | Wingboner: В любом случае ачивку спидового демона не взял бы. Там надо 3 часа или меньше.
 30678 | Swamp:2  | theanonym: Там было легко взять 15 рун на 20+ млн очков, неплохое начало
 30791 | Swamp:2  | Reached skill level 5 in Air Magic
 30894 | Swamp:2  | Learned a level 6 spell: Deflect Missiles
 31030 | Swamp:2  | Offered knowledge of Freezing Cloud by Vehumet.
 31035 | Swamp:2  | Wingboner: Так-то да... Вспомнился один чудак из нашей команды, который почётное упоминание заработал на турнире.
 31035 | Swamp:2  | Wingboner: Он сыграл мало игр, но все стрик, все 15.
 31039 | Swamp:2  | Wingboner: А я всё-таки играть не смогу.
 31040 | Swamp:2  | Wingboner: Работа.
 31541 | Swamp:2  | Identified the +5 shield of the Chupacabra {rN+ Str+4} (You found it on level 6 of the Lair of Beasts)
 31860 | Swamp:3  | Reached skill level 6 in Air Magic
 31872 | Swamp:3  | theanonym: Надо спать
 31894 | Swamp:3  | Noticed a tentacled monstrosity
 31951 | Swamp:3  | Reached skill level 9 in Charms
 32204 | Snake:1  | Entered Level 1 of the Snake Pit
 32554 | Snake:1  | Found a frozen archway.
 32558 | Snake:1  | HP: 46/92 [something (15)]
 32739 | IceCv    | Entered an ice cave
 33021 | IceCv    | Identified a +2 pair of boots of running (You found it in an ice cave)
 33279 | IceCv    | Offered knowledge of Poison Arrow by Vehumet.
 33285 | IceCv    | Reached skill level 1 in Shields
 33292 | IceCv    | Noticed an Ice Fiend
 33302 | IceCv    | HP: 41/92 [something (6)]
 33305 | IceCv    | Noticed an Ice Fiend
 33311 | IceCv    | Killed an Ice Fiend
 33311 | IceCv    | Reached skill level 3 in Shields
 33311 | IceCv    | HP: 29/92 [??? (26)]
 33313 | IceCv    | Slain by an Ice Fiend

Vanquished Creatures
  An Ice Fiend (IceCv)
  Gastronok (Lair:3)
  A thorn hunter (Swamp:2)
  The ghost of adept the Reanimator, a journeyman GnNe of Okawaru (Lair:5)
  An ettin (Orc:2)
  A minotaur (Lab)
  9 hydras
  A ghost crab (Swamp:2)
  15 two-headed ogres
  3 catoblepae (Lair:6)
  The ghost of Zeloya the Slicer, a journeyman KoWn of Trog (D:9)
  4 ogre magi (Orc:2)
  7 alligators
  2 shock serpents (Snake:1)
  9 death yaks
  Nergalle (Lair:1)
  3 swamp dragons
  An orc knight (Orc:1)
  2 shambling mangroves
  An ugly thing (D:11)
  2 salamanders (Snake:1)
  An oklob plant (Lair:2)
  2 manticores (Lair:6)
  A cyclops (Orc:2)
  The ghost of Deadscale the Basher, a novice GrFi (D:5)
  9 elephants
  Maurice (D:8)
  A naga mage (Snake:1)
  4 black mambas (Snake:1)
  4 ice statues
  12 spiny frogs
  2 rime drakes
  9 komodo dragons
  14 ice devils (IceCv)
  3 trolls
  7 tyrant leeches
  A polar bear (Lair:6)
  17 blink frogs
  Grinder (D:3)
  2 hornets (Swamp:2)
  A bog body (Swamp:2)
  10 dream sheep (Lair:6)
  3 slime creatures (Swamp:1)
  4 hippogriffs
  37 yaks
  A human (D:7)
  2 basilisks
  3 hogs (D:7)
  A hungry ghost (D:11)
  5 wargs
  9 vampire mosquitoes
  2 nagas (Snake:1)
  10 swamp worms
  19 water moccasins
  11 orc warriors
  5 porcupines
  8 swamp drakes
  4 sky beasts
  2 phantoms (D:6)
  A black bear (Lair:1)
  4 ice beasts
  26 ogres
  6 wolves (Lair:6)
  5 centaurs
  15 crocodiles
  2 big kobolds
  8 bullfrogs
  A wyvern zombie (D:9)
  2 scorpions
  12 killer bees
  3 wights (D:6)
  2 electric eels (Lair:4)
  A howler monkey (D:8)
  3 crimson imps
  A quasit (D:7)
  8 jellies
  9 hounds
  10 orc priests
  A bullfrog skeleton (D:5)
  A centaur skeleton (D:8)
  An iguana (D:8)
  18 orc wizards
  Ijyb (D:4)
  5 worker ants
  A hound zombie (D:11)
  A hound skeleton (D:6)
  9 gnolls
  8 adders
  2 river rats (Sewer)
  5 shadow imps
  7 white imps (IceCv)
  6 ufetubi (IceCv)
  16 oozes
  A worm (D:2)
  7 leopard geckos
  58 orcs
  3 giant cockroaches
  3 hobgoblins
  A jackal (Sewer)
  6 quokkas
  A ball python (D:2)
  6 bats
  10 frilled lizards
  2 gnoll zombies (D:9)
  2 goblins (D:1)
  17 kobolds
  A leopard gecko skeleton (D:4)
  2 quokka skeletons
  9 rats
  4 fungi
  3 plants
633 creatures vanquished.

Vanquished Creatures (others)
  A spiny frog (Swamp:2)
  A centaur (D:5)
  3 white imps (IceCv)
  An ufetubus (IceCv)
  34 fungi
  17 plants
57 creatures vanquished.

Grand Total: 690 creatures vanquished

Table legend:
 A = Turns spent in this place as a percentage of turns spent in the entire game.
 B = Non-inter-level travel turns spent in this place as a percentage of non-inter-level travel turns spent in the entire game.
 C = Inter-level travel turns spent in this place as a percentage of turns spent in this place.
 D = Turns resting spent in this place as a percentage of non-inter-level travel turns spent in this place.
 E = Turns spent auto-exploring this place as a percentage of non-inter-level travel turns spent in this place.
 F = Non-inter-level travel turns spent in this place divided by the number of levels of this place that you've seen.
                   A       B       C       D       E      F
               +-------+-------+-------+-------+-------+----------------------
         Total | 100.0 | 100.0 |   6.8 |  43.9 |  39.4 | 1149.4
       Dungeon |  45.2 |  44.0 |   9.3 |  42.6 |  40.3 | 1240.1
        Temple |   0.6 |   0.6 |  11.2 |   0.0 |  97.7 | 174.0
          Lair |  32.9 |  33.0 |   6.4 |  42.2 |  43.7 | 1708.8
         Swamp |   8.9 |   9.3 |   3.2 |  48.9 |  40.2 | 957.7
     Snake Pit |   1.6 |   1.7 |   0.0 |  79.3 |   0.0 | 535.0
  Orcish Mines |   6.2 |   6.5 |   3.0 |  44.1 |  35.3 | 1008.5
     Labyrinth |   1.5 |   1.6 |   0.0 |  24.3 |   0.0 | 503.0
         Sewer |   1.4 |   1.5 |   0.0 |  60.9 |  24.8 | 463.0
      Ice Cave |   1.7 |   1.8 |   0.0 |  65.3 |  13.9 | 574.0
               +-------+-------+-------+-------+-------+----------------------
